 Dungeon Crawl Stone Soup version 0.30-a0-738-g116ff8c4af (webtiles) character file.

Game seed: 14376887398655999501

163 flickminster the Chiller (level 5, 0/30 (35) HPs)
             Began as a Human Ice Elementalist on Feb 3, 2023.
             Slain by a necrophage (7 damage)
             ... on level 4 of the Dungeon.
             The game lasted 00:26:15 (2685 turns).

flickminster the Chiller (Human Ice Elementalist)   Turns: 2685, Time: 00:26:16

HP:   0/30 (35)     AC:  2    Str:  9    XL:     5   Next: 73%
MP:   6/9           EV: 17    Int: 17    God:
Gold: 136           SH:  0    Dex: 13    Spells: 5/9 levels left

rFire   . . .      SeeInvis .    y - staff of cold
rCold   + . .      Faith    .    w - orb {*channel}
rNeg    . . .      Spirit   .    a - +0 robe
rPois   .          Reflect  .    (no helmet)
rElec   .          Harm     .    (no cloak)
rCorr   .          Rampage  .    (no gloves)
Will    .....                    (no boots)
Stlth   ++                       (no amulet)
HPRegen 0.25/turn                l - +5 ring of evasion
MPRegen 0.11/turn                (no ring)

@: freezing walls, heavily drained
A: no striking features
a: no special abilities


You were on level 4 of the Dungeon.
You visited 1 branch of the dungeon, and saw 4 of its levels.

You collected 136 gold pieces.

Inventory:

Hand Weapons
 f - a +0 dagger
 h - a +0 dagger of freezing
 n - a +0 club
Missiles
 p - 5 poisoned darts
Armour
 a - a +0 robe (worn)
 k - a +0 leather armour
 u - a +0 pair of gloves
 w - an orb of energy (worn)
Magical Staves
 s - a staff of earth
 y - a staff of cold (weapon)
Jewellery
 l - a +5 ring of evasion (left hand)
 A - a ring of protection from cold
Wands
 o - a wand of polymorph (4)
Scrolls
 c - 3 scrolls of identify {unknown}
 d - 2 scrolls of enchant weapon {unknown}
 g - a scroll of poison {unknown}
 i - 5 scrolls of teleportation {unknown}
 r - 2 scrolls of noise {unknown}
 t - a scroll of fear {unknown}
 z - a scroll of immolation {unknown}
 C - a scroll of blinking {unknown}
Potions
 e - a potion of flight {unknown}
 j - a potion of curing {unknown}
 m - a potion of haste {unknown}
 q - 2 potions of degeneration {unknown}
 v - 2 potions of attraction {unknown}
 x - 2 potions of lignification {unknown}
 B - a potion of might {unknown}


   Skills:
 + Level 1.8 Short Blades
 + Level 3.0 Dodging
 + Level 3.2 Stealth
 + Level 2.8 Spellcasting
 + Level 4.6 Ice Magic


You had 5 spell levels left.
You knew the following spells:

 Your Spells              Type           Power      Damage    Failure   Level
a - Freeze                Ice            100%       1d10      2%          1
b - Frozen Ramparts       Ice            54%        1d9       9%          3

Your spell library contained the following spells:

 Spells                   Type           Power      Damage    Failure   Level
 Ozocubu's Armour         Ice            27%        N/A       9%          3
 Shock                    Conj/Air       8%         1d3       19%         1
 Slow                     Hex            8%         N/A       19%         1
 Confusing Touch          Hex            2%         N/A       47%         3
 Gell's Gravitas          Tloc           2%         N/A       47%         3
 Swiftness                Air            2%         N/A       47%         3
 Teleport Other           Tloc           2%         N/A       47%         3
 Vampiric Draining        Necr           2%         2d6       47%         3
 Summon Ice Beast         Ice/Summ       15%        N/A       56%         4
 Airstrike                Air            1%         2d(1-17)  87%         4
 Dispersal                Tloc           1%         N/A       100%        6
 Ozocubu's Refrigeration  Ice            13%        4d10      100%        7


Dungeon Overview and Level Annotations

Branches:
Dungeon (4/15)
 Temple: D:4-7

Altars:
Hepliaklqana
Makhleb


Message History

The necrophage barely misses you.
Aiming: Freeze (safe; 2% risk of failure)
Press: ? - help, Q - select action, (/) - cycle Shift-Dir - straight line, f - hound skeleton, p - necrophage
Aim: a hound skeleton (moderately damaged)
You feel a surge of power!
You freeze the hound skeleton.
The hound skeleton resists.
The hound skeleton is moderately damaged.
The hound skeleton misses you.
The hound skeleton attacks as you move away!
The hound skeleton bites you. x2
The necrophage attacks as you move away!
The necrophage barely misses you.
Aiming: Freeze (safe; 2% risk of failure)
Press: ? - help, Q - select action, (/) - cycle Shift-Dir - straight line, f/p - hound skeleton
Aim: a hound skeleton (moderately damaged)
You feel a surge of power!
You freeze the hound skeleton but do no damage.
The hound skeleton completely resists.
The hound skeleton misses you.
The necrophage hits you but does no damage.
The hound skeleton misses you. The hound skeleton misses you.
Magic courses through your body. The hound skeleton bites you.
* * * LOW HITPOINT WARNING * * *
The necrophage hits you.
* * * LOW HITPOINT WARNING * * *
You feel drained.
Casting: Freeze (safe; 2% risk of failure)
Confirm with . or Enter, or press ? or * to list all spells.
The spell is quite dangerous to miscast (9% risk of failure)!
Continue anyway?
Casting: Frozen Ramparts (quite dangerous; 9% risk of failure)
Press: ? - help, Dir - look around, f - activate You feel a surge of power!
The walls around you are covered in ice.
The hound skeleton completely resists.
The wall freezes the hound skeleton but does no damage.
The hound skeleton barely misses you.
The necrophage completely resists.
The wall freezes the necrophage but does no damage.
The necrophage hits you!
You die...

######
...... ##
...... .#
......###.##
........(..#
........<#.#
#..........#
#..#.#.....#
###n@..##
##.Z..##
##...###
##..###
#..#####
##..#..##
##.....#
###.._∩#
#..##


You could see a necrophage and a hound skeleton.

Vanquished Creatures
  Jessica (D:2)
  6 adders
  3 worms
  6 dart slugs
  5 orcs (D:3)
  3 ball pythons
  4 endoplasms
  2 giant cockroaches
  5 goblins (D:2)
  6 hobgoblins
  5 jackals (D:2)
  4 quokkas (D:3)
  A frilled lizard (D:1)
  4 kobolds
  3 rats (D:1)
58 creatures vanquished.

Vanquished Creatures (others)
  32 plants (D:3)
32 creatures vanquished.

Grand Total: 90 creatures vanquished

Notes
Turn   | Place    | Note
-------+----------+-------------------------------------------
     0 | D:1      | flickminster the Human Ice Elementalist began the quest for
                  | the Orb.
     0 | D:1      | Reached XP level 1. HP: 13/13 MP: 3/3
   271 | D:1      | Reached XP level 2. HP: 18/19 MP: 5/5
   721 | D:2      | Reached XP level 3. HP: 23/24 MP: 3/6
   782 | D:2      | Learned a level 3 spell: Frozen Ramparts
   829 | D:2      | Reached skill level 1 in Short Blades
   859 | D:2      | Noticed Jessica
   957 | D:2      | Reached XP level 4. HP: 30/30 MP: 5/7
  1135 | D:2      | Killed Jessica
  1136 | D:2      | Reached XP level 5. HP: 10/35 MP: 5/8
  2106 | D:3      | Found a hazy altar of Hepliaklqana.
  2659 | D:4      | Found a burning altar of Makhleb.
  2685 | D:4      | Slain by a necrophage

Illustrated notes

Levels and vault maps discovered:
D:1:      spicycebolla_arrival_transporter_tutorial, layout_loops_ring
D:2:      layout_rooms, corexii_corridor_pit, uniq_jessica
D:3:      wad_woods_stonehenge, layout_basic, minmay_misc_feat_diagonals
D:4:      layout_basic, makhleb_blood_cavern_becter,
          nicolae_hepliaklqana_hazy_memory

Skill      XL: |  1  2  3  4  5 |
---------------+----------------+-----
Short Blades   | 1 |  1.8
Stealth        | 3 |  3.2
Dodging        | 3 |  3.0
Spellcasting   | |  2.8
Ice Magic      | |  4.6

Action                     |  1- 3 |  4- 6 || total
---------------------------+-------+-------++-------
  Melee: Unarmed           |    10 |       ||    10
         Dagger            |    28 |    34 ||    62
         Punch             |       |     1 ||     1
         Staff             |       |    24 ||    24
   Cast: Freeze            |    25 |    36 ||    61
         Frozen Ramparts   |       |     6 ||     6
    Use: Potion            |       |     1 ||     1
 Armour: Robe              |    10 |     4 ||    14
  Dodge: Dodged            |    37 |    66 ||   103

Table legend: (Time is in decaauts)
 A = Elapsed time spent in this place.
 B = Non-inter-level travel time spent in this place.
 C = Inter-level travel time spent in this place.
 D = Time resting spent in this place.
 E = Time spent auto-exploring this place.
 F = Levels seen in this place.
 G = Mean time per level.
                   A        B        C        D        E       F      G
               +--------+--------+--------+--------+--------+-----+--------+
         Total |   2662 |   2620 |     42 |    294 |   1227 |   4 |  665.5 |
       Dungeon |   2662 |   2620 |     42 |    294 |   1227 |   4 |  665.5 |
               +--------+--------+--------+--------+--------+-----+--------+

Top non-repeatable levels by time:
     D:3: 1201 daAuts
     D:1: 716 daAuts
     D:2: 709 daAuts
     D:4: 35 daAuts
